 Dungeon Crawl Stone Soup version 0.23.1 (webtiles) character file.

Game seed: 14638613327477425621

21 Borgoz the Sneak (level 2, -1/22 HPs)
             Began as a Ghoul Enchanter on Mar 3, 2019.
             Slain by a gnoll
             ... wielding a +0 whip
              (3 damage)
             ... on level 1 of the Dungeon.
             The game lasted 00:01:32 (922 turns).

Borgoz the Sneak (Ghoul Enchanter)                   Turns: 922, Time: 00:01:33

Health: -1/22      AC:  2    Str: 11    XL:     2   Next: 83%
Magic:  0/3        EV: 12    Int: 10    God:
Gold:   69         SH:  0    Dex:  9    Spells: 1/4 levels left

rFire    . . .     SeeInvis .   a - +1 dagger
rCold    + . .     Gourm    .   (no shield)
rNeg     + + +     Faith    .   b - +0 robe
rPois    ∞         Spirit   .   (no helmet)
rElec    .         Reflect  .   (no cloak)
rCorr    .         Harm     .   (no gloves)
MR       .....                  (no boots)
Stlth    ++........             (no amulet)
HPRegen  0.00/turn              (no ring)
MPRegen  0.08/turn              (no ring)

@: rotting
A: rotting body, claws 1, carnivore, cold resistance 1, negative energy
resistance 3, inhibited regeneration, torment resistance, unbreathing
a: no special abilities


You were on level 1 of the Dungeon.
You were not hungry.

You visited 1 branch of the dungeon, and saw 2 of its levels.

You collected 69 gold pieces.

Inventory:

Hand Weapons
 a - a +1 dagger (weapon)
Armour
 b - a +0 robe (worn)
Jewellery
 h - an uncursed ring of protection from magic {unknown}
Scrolls
 e - a scroll of remove curse {unknown}
 g - a scroll of amnesia {unknown}
Comestibles
 d - a ration


   Skills:
 + Level 0.5 Fighting
 * Level 1.4 Short Blades
 + Level 0.4 Armour
 * Level 2.1 Dodging
 + Level 3.4 Stealth
 - Level 1.7 Spellcasting
 - Level 2.4 Hexes


You had one spell level left.
You knew the following spells:

 Your Spells              Type           Power        Failure   Level  Hunger
a - Corona                Hex            #......      12%         1    ##.....
b - Ensorcelled Hibernat  Hex/Ice        #.....       30%         2    ###....

Your spell library contained the following spells:

 Spells                   Type           Power        Failure   Level  Hunger
 Confuse                  Hex            #.......     34%         3    ####...
 Tukima's Dance           Hex            #.......     34%         3    ####...
 Dazzling Spray           Conj/Hex       #.....       52%         3    ####...


Dungeon Overview and Level Annotations

Branches:
Dungeon (2/15)

Altars:


Innate Abilities, Weirdness & Mutations

Your body is rotting away.
You thrive on raw meat.
You are immune to poison.
You have sharp fingernails.
You are carnivorous and can eat meat at any time.
Your flesh is cold resistant. (rC+)
You are immune to negative energy. (rN+++)
You do not regenerate when monsters are visible.
You are immune to unholy pain and torment.
You can survive without breathing.


Message History

The gnoll closely misses you.
Okay, then.
Cast which spell? (? or * to list)
Aiming: Ensorcelled Hibernation (safe; 30% risk of failure)
Press: ? - help, Shift-Dir - straight line, f - gnoll
Aim: a gnoll, wielding a +0 whip (moderately wounded, chance to defeat MR: 44%)
The gnoll resists with some effort.
The gnoll hits you with a +0 whip.
* * * LOW HITPOINT WARNING * * *
Casting: Ensorcelled Hibernation (safe; 30% risk of failure)
Confirm with . or Enter, or press ? or * to list all spells.
You don't have enough magic to cast that spell.
Unknown command.
Casting: Ensorcelled Hibernation (safe; 30% risk of failure)
Confirm with . or Enter, or press ? or * to list all spells.
Aiming: Ensorcelled Hibernation (safe; 30% risk of failure)
Press: ? - help, Shift-Dir - straight line, f/p - gnoll
Aim: a gnoll, wielding a +0 whip (moderately wounded, chance to defeat MR: 44%)
The gnoll resists with some effort.
The gnoll closely misses you. The gnoll hits you with a +0 whip.
You die...

#...........# #......
#...........# #......
##...........# #......
#............# #....##
####............###########....##
..........................'......
...............############....##
...............############....##
............#...@.........'....+.
......[.....'.###g.....)###....##
............#.# #.......# ######
............#.###.......#########
............#>..'.......'........
............#####.......#########
............# #.......#
............# #.......#
............# #.......#########


You could see a gnoll.

Vanquished Creatures
  A dart slug (D:1)
  2 leopard geckos
  2 giant cockroaches (D:1)
  A goblin (D:1)
  3 hobgoblins (D:1)
  3 bats (D:1)
  3 frilled lizards (D:1)
  2 kobolds (D:1)
17 creatures vanquished.

Notes
Turn   | Place    | Note
-------+----------+-------------------------------------------
     0 | D:1      | Borgoz the Ghoul Enchanter began the quest for the Orb.
     0 | D:1      | Reached XP level 1. HP: 14/14 MP: 2/2
    33 | D:1      | Reached skill level 1 in Short Blades
   414 | D:1      | Reached XP level 2. HP: 7/21 MP: 3/3
   422 | D:1      | Learned a level 2 spell: Ensorcelled Hibernation
   922 | D:1      | Slain by a gnoll

Skill      XL: |  1 |
---------------+----+-----
Short Blades   | 1 |  1.4
Dodging        | 2 |  2.1
Fighting       | |  0.5
Armour         | |  0.4
Stealth        | |  3.4
Spellcasting   | |  1.7
Hexes          | |  2.4

Action                   || total
-------------------------++-------
Melee: Dagger            ||    71
 Cast: Ensorcelled Hiber ||     2
  Use: Potion            ||     1
 Stab: Sleeping          ||     2
  Eat: Chunk             ||    10
Armor: Robe              ||    12
Dodge: Dodged            ||    52
